 Dungeon Crawl Stone Soup version 0.18.1-48-g4cf74bf (webtiles) character file.

39 zornaq the Skirmisher (level 3, -17/29 HPs)
             Began as a Mummy Chaos Knight on Aug 4, 2016.
             Demolished by a porcupine (19 damage)
             ... summoned by a deep elf mage
             ... on level 1 of the Dungeon.
             The game lasted 00:08:47 (6101 turns).

zornaq the Skirmisher (Mummy Chaos Knight)          Turns: 6101, Time: 00:08:58

Health: -17/29     AC:  5    Str: 15    XL:     3   Next: 26%
Magic:  3/3        EV: 11    Int: 12    God:    Xom [....*.]
Gold:   35         SH:  0    Dex: 11    Spells: 0 memorised, 2 levels left

rFire  x . .     SeeInvis +     a - +0 spear (chaos)
rCold  + . .     Gourm    .     b - +2 leather armour
rNeg   + + +     Faith    .     (no shield)
rPois  ∞         Spirit   .     (no helmet)
rElec  .         Dismiss  .     (no cloak)
rCorr  .         Reflect  .     (no gloves)
SustAt .         Harm     .     (no boots)
MR     .....                    (no amulet)
Stlth  +.........               (no ring)
                                i - ring of see invisible

@: not resistant to hostile enchantments, very unstealthy
A: no food or potions, fire vulnerability, cold resistance 1, negative energy
resistance 3, torment resistance, unbreathing
a: Renounce Religion


You were on level 1 of the Dungeon.
You worshipped Xom.
You were a beloved toy of Xom.
You were not hungry.

You visited 1 branch of the dungeon, and saw 1 of its levels.

You collected 35 gold pieces.

Inventory:

Hand Weapons
 a - a +0 spear of chaos (weapon)
Armour
 b - a +2 leather armour (worn)
 c - a +0 ring mail
 f - a +0 leather armour
Jewellery
 i - a ring of see invisible (left hand)
Scrolls
 e - a scroll of recharging {unknown}
 g - a scroll of remove curse
Potions
 d - a potion of cancellation {unknown}
 h - a potion of invisibility {unknown}


   Skills:
 + Level 3.4 Fighting
 + Level 3.0 Polearms
 + Level 2.0 Armour
 + Level 0.7 Dodging
 + Level 0.1 Stealth


You had 2 spell levels left.
You didn't know any spells.

Dungeon Overview and Level Annotations

Branches:
Dungeon (1/15)

Altars:
Xom


Innate Abilities, Weirdness & Mutations

You do not eat or drink.
Your flesh is vulnerable to fire.
You are immune to poison.
Your flesh is cold resistant.
You are immune to negative energy.
You are immune to unholy pain and torment.
You can survive without breathing.


Message History

You see here a meat ration.
Things that are here:
a club; a hobgoblin corpse Xom's power touches on a nearby monster.
The ice beast evaporates and reforms as a fire bat!
Xom adds some personal touches to your environment. "This might be better!"
The fire bat evaporates and reforms as a porcupine!
You see here a hand axe.
The porcupine barely misses you. The porcupine bites you.
You are struck by the porcupine's spines.
You hit the porcupine.
The porcupine goes berserk!
The porcupine is moderately wounded.
The porcupine bites you!
* * * LOW HITPOINT WARNING * * *
The porcupine bites you!!
Ouch! That really hurt!
You die...
Xom bursts into laughter!

.##...####...........##.........#
.##...# #...........##.........#
.##...# #...........##.........#
.##...# #...........##.........#
.##...# #...........##.........#
.##...#################.>.......#
.##....).e.......######.........#
.##....#########r######.........#
.##....# #@######.........#
.##....# #.#######.#####'##
.##....### #.#######.#####...
.##......# #.#######.########
.##...##.# #.#######.########
.........# #.........########
########## ##################
##################
##################


You could see a porcupine (berserk).

Vanquished Creatures
  A gnoll (D:1)
  An ooze (D:1)
  A dart slug (D:1)
  2 giant geckos (D:1)
  2 giant cockroaches (D:1)
  A goblin (D:1)
  6 hobgoblins (D:1)
  A kobold (D:1)
  A bat (D:1)
  A giant newt (D:1)
  A rat (D:1)
  A fungus (D:1)
  2 plants (D:1)
21 creatures vanquished.

Vanquished Creatures (collateral kills)
  A bat (D:1)
1 creature vanquished.

Grand Total: 22 creatures vanquished

Notes
Turn   | Place    | Note
--------------------------------------------------------------
     0 | D:1      | zornaq the Mummy Chaos Knight began the quest for the Orb.
     0 | D:1      | Reached XP level 1. HP: 18/18 MP: 1/1
   484 | D:1      | Reached XP level 2. HP: 16/24 MP: 2/2
  2052 | D:1      | XOM: harmless Ice miscast
  2523 | D:1      | XOM: mild Pois miscast
  3080 | D:1      | XOM: divination: magic mapping
  3314 | D:1      | XOM: mild Conj miscast
  4044 | D:1      | XOM is BORED!
  4310 | D:1      | XOM: harmless Air miscast
  4494 | D:1      | XOM: medium Ice miscast
  4706 | D:1      | XOM: harmless Tloc miscast
  5512 | D:1      | XOM: noise
  5570 | D:1      | XOM: god gift: ivory ring {god gift}
  5828 | D:1      | XOM: vitrification
  5997 | D:1      | XOM is BORED!
  5997 | D:1      | XOM: mild Erth miscast
  6034 | D:1      | Noticed a deep elf mage
  6055 | D:1      | Reached XP level 3. HP: 29/29 MP: 3/3
  6073 | D:1      | Noticed an ice beast
  6087 | D:1      | Noticed a fire bat
  6087 | D:1      | an ice beast changed into a fire bat
  6087 | D:1      | XOM: polymorph ice beast -> fire bat
  6088 | D:1      | XOM: scenery: create altars
  6089 | D:1      | Noticed a porcupine
  6089 | D:1      | a fire bat changed into a porcupine
  6089 | D:1      | XOM: polymorph fire bat -> porcupine
  6101 | D:1      | Demolished by a porcupine

Skill      XL: |  1  2  3 |
---------------+----------+-----
Polearms       | 3 |  3.0
Armour         | 2 |  2.0
Fighting       | |  3.4
Dodging        | |  0.7
Stealth        | |  0.1

Action                   || total
-------------------------++-------
Melee: Spear             ||   148
  Use: Scroll            ||     2
Armor: Leather armour    ||    14
Dodge: Dodged            ||    28
